AoeStats
← rizlinjinson

Nomad

510473469Analyzed
3v3 RM · 12h ago on Oct 1, 2026· 68m 12s· 6 players
Game mode
Random Map
Map size
210×210
Population
200
Speed
Normal
Resources
Standard
Victory
Conquest
Starting age
Dark Age
Ending age
Imperial Age
RankedLock teamsTeams togetherTeam positionsShared explorationLock speedFull tech treeHidden civsTurbo modeCheats
Victory
Defeat
🇵🇪 Huns · Peru
1238
+14
🇵🇪 Mongols · Peru
1215
+15
🇵🇪 Bulgarians · Peru
1197
+15
🇺🇸 Persians · United States
1201
-15
🇺🇸 Italians · United States
1186
-15
🇺🇸 Gurjaras · United States
1166
-14
freddie
5:59 Loom
13:50 Feudal Age
18:26 Castle Age
16:32 Fishing Lines
19:59 Wheelbarrow
19:39 Fletching
22:46 Bloodlines
22:54 Forging
23:08 Husbandry
24:24 Scale Barding Armor
28:23 Gillnets
37:02 Fletching
42:37 Town Watch
44:04 Hand Cart
44:30 Iron Casting
43:20 Light Cavalry
46:14 Kshatriyas
46:00 Double-Bit Axe
50:28 Imperial Age
49:01 Chain Barding Armor
48:48 Horse Collar
49:17 Gold Mining
49:55 Bodkin Arrow
53:16 Chemistry
51:41 Hussar
52:59 Plate Barding Armor
54:17 Treadmill Crane
59:38 Ballistics
65:32 Heavy Camel Rider
LaserLobbes
9:03 Loom
13:37 Feudal Age
15:03 Double-Bit Axe
15:00 Horse Collar
28:18 Scale Mail Armor
28:29 Forging
30:41 Castle Age
32:23 Iron Casting
31:54 Scale Barding Armor
35:31 Chain Barding Armor
38:28 Husbandry
38:38 Bloodlines
40:05 Wheelbarrow
42:58 Hand Cart
46:07 Bow Saw
53:41 Heavy Plow
rizlinjinson
10:58 Loom
14:45 Feudal Age
15:38 Double-Bit Axe
19:01 Horse Collar
19:14 Gold Mining
21:45 Castle Age
21:51 Fletching
23:57 Wheelbarrow
24:10 Bodkin Arrow
26:14 Padded Archer Armor
30:00 Horse Collar
31:30 Bow Saw
31:21 Heavy Plow
40:21 Imperial Age
41:37 Conscription
41:19 Bracer
47:14 Ballistics
47:55 Chemistry
47:12 Leather Archer Armor
49:25 Stone Mining
51:51 Ring Archer Armor
53:09 Two-Man Saw
55:33 Elite Genoese Crossbowman
59:43 Hand Cart
59:22 Stone Mining
61:00 Pikeman
wh_halcon
3:40 Loom
14:13 Feudal Age
14:45 Double-Bit Axe
15:08 Horse Collar
18:30 Scale Barding Armor
19:00 Forging
23:48 Castle Age
23:07 Bloodlines
24:10 Gold Mining
25:07 Iron Casting
24:37 Husbandry
28:30 Chain Barding Armor
30:53 Heavy Plow
36:08 Bow Saw
42:01 Imperial Age
45:25 Plate Barding Armor
45:50 Blast Furnace
44:45 Cavalier
47:28 Padded Archer Armor
47:48 Town Watch
47:49 Elite Skirmisher
49:21 Leather Archer Armor
48:56 Fletching
49:55 Light Cavalry
52:09 Wheelbarrow
52:06 Bodkin Arrow
53:16 Chemistry
52:36 Ballistics
53:00 Bracer
54:08 Two-Man Saw
55:15 Scale Mail Armor
54:58 Hussar
57:29 Chain Mail Armor
60:23 Paladin
68:43 Hand Cart
68:29 Town Patrol
ricardoage08
13:28 Feudal Age
14:26 Double-Bit Axe
16:38 Bloodlines
17:57 Scale Barding Armor
19:15 Forging
20:53 Fletching
29:23 Castle Age
27:27 Stone Mining
27:28 Gold Mining
37:51 Horse Collar
42:58 Padded Archer Armor
42:54 Bodkin Arrow
44:05 Gold Shaft Mining
49:39 Imperial Age
48:36 Bow Saw
51:38 Ballistics
52:47 Chemistry
53:42 Bracer
53:57 Leather Archer Armor
53:10 Elite Mangudai
60:36 Iron Casting
60:21 Chain Barding Armor
Jolman
4:24 Loom
13:12 Feudal Age
13:44 Arson
15:04 Scale Mail Armor
16:02 Fletching
17:26 Forging
18:44 Town Watch
28:07 Castle Age
25:56 Double-Bit Axe
26:46 Gold Mining
29:32 Bodkin Arrow
30:46 Squires
35:40 Imperial Age
34:55 Bow Saw
34:32 Horse Collar
36:37 Bracer
37:44 Bagains
39:06 Chain Mail Armor
39:27 Iron Casting
41:15 Wheelbarrow
40:56 Gambesons
43:01 Plate Mail Armor
43:31 Blast Furnace
44:36 Conscription
43:57 Capped Ram
46:19 Pikeman
49:09 Hand Cart
50:36 Halberdier
51:35 Siege Ram
52:40 Town Patrol
55:58 Demolition Ship
59:05 Stirrups
59:55 Medium Warships
60:37 Scale Barding Armor
62:39 Elite Konnik
65:02 Chain Barding Armor
65:19 Bloodlines
65:56 Plate Barding Armor
65:56 Husbandry
Connection lost

Rejoining the realm…

Still unreachable

The connection could not be restored.

Session expired

The server has moved on; the page needs a fresh start.